 Dungeon Crawl Stone Soup version 0.30-b1-2-g02819fbbbe (webtiles) character file.

Game seed: 5697295861414331920

2464 MisterFreud the Nimble (level 9, -1/41 HPs)
             Began as a Felid Berserker on July 23, 2023.
             Was a Priest of Trog.
             Killed from afar by an electric eel (10 damage)
             ... with a bolt of electricity
             ... on level 8 of the Dungeon.
             The game lasted 00:10:55 (6386 turns).

MisterFreud the Nimble (Felid Berserker)            Turns: 6386, Time: 00:10:55

Health: -1/41      AC:  2    Str: 13    XL:     9   Next: 26%
Magic:  10/10      EV: 23    Int: 11    God:    Trog [***...]
Gold:   578        SH:  0    Dex: 17    Spells: 8/8 levels left
                                        Lives:  0   Deaths: 2

rFire   . .          .
                       - Unarmed
rCold   . . .        (shield unavailable)
rNeg    . . .        (body armour unavailable)
rPois   .            (helmet unavailable)
rElec   .            (cloak unavailable)
rCorr   .            (gloves unavailable)
SInv    +            (boots unavailable)
Will    +....        (no amulet)
Stlth   +++++        (no ring)
HPRegen 0.26/turn    (no ring)
MPRegen 0.12/turn

%: no passive effects
@: quick
A: very small, claws 1, fangs 3, see invisible, speed 1, shaggy fur 2, stealthy
paws, no weapons or thrown items, no armour, multi-lived
a: Renounce Religion, Berserk, Trog's Hand


You were on level 8 of the Dungeon.
You worshipped Trog.
Trog was most pleased with you.
You visited 1 branch of the dungeon, and saw 8 of its levels.
You also visited: Bailey.

You collected 681 gold pieces.
You spent 103 gold pieces at shops.

Inventory:

Jewellery
 c - a ring of willpower
 k - a ring of protection from fire
 l - a ring of poison resistance
Wands
 g - a wand of iceblast (4)
 m - a wand of paralysis (5)
 o - a wand of flame (24)
 t - a wand of mindburst (20)
 x - a wand of acid (15)
Scrolls
 b - a scroll of butterflies {unknown}
 d - a scroll of blinking
 e - 2 scrolls of poison
 i - a scroll of fear
 j - 2 scrolls of immolation
 p - a scroll of teleportation
Potions
 a - 2 potions of brilliance
 f - 5 potions of curing
 h - 3 potions of lignification
 n - a potion of berserk rage
 q - a potion of might
 r - a potion of mutation
 s - 2 potions of attraction
 u - a potion of magic
 v - 2 potions of flight {unknown}
 w - a potion of haste {unknown}


   Skills:
 - Level 6.0 Fighting
 - Level 10.0 Dodging
 - Level 10.0 Stealth
 + Level 9.3 Unarmed Combat


You had 8 spell levels left.
You didn't know any spells.
Your spell library was empty.

Dungeon Overview and Level Annotations

Branches:
Dungeon (8/15)             Temple (0/1) D:6          Bailey (visited)
   Lair: D:8-11

Altars:
Elyvilon
Kikubaaqudgha
Qazlal
Ru
Sif Muna
Uskayaw
Wu Jian
Xom
Zin

Shops:
D:1 *


Innate Abilities, Weirdness & Mutations

You have sharp claws.
You have razor-sharp teeth.
You have supernaturally acute eyesight. (SInv)
You cover ground quickly. (Speed+)
You are covered in thick fur. (AC +2)
Your paws help you pounce on unaware monsters.
You are incapable of wielding weapons or throwing items.
You cannot wear armour.
You gain extra lives every three experience levels.


Message History

You scratch the sky beast.
The sky beast is almost dead.
A sky beast is nearby!
You scratch the sky beast but do no damage.
You bite the sky beast.
You kill the sky beast!
Trog accepts your kill.
No target in view!
An electric eel comes into view.
An electric eel is nearby!
An electric eel is nearby!
You pounce on the unaware helpless electric eel!
You eviscerate the electric eel!!!
You kill the electric eel!
Trog accepts your kill.
You hear a splash.
Found a stone staircase leading up.
An electric eel comes into view.
An electric eel is nearby!
You enter the shallow water.
Moving in this stuff is going to be slow.
An electric eel comes into view.
The electric eel shoots out a bolt of lightning at you!
The bolt of electricity misses you.
You miss the electric eel.
You enter the shallow water.
Moving in this stuff is going to be slow.
The electric eel shoots out a bolt of lightning at you!
The bolt of electricity hits you!
The electric eel shoots out a bolt of lightning at you!
The bolt of electricity misses you.
The electric eel shoots out a bolt of lightning at you!
The bolt of electricity hits you!
You see here an electric eel corpse.
The electric eel shoots out a bolt of lightning at you!
The bolt of electricity hits you!
* * * LOW HITPOINT WARNING * * *
The electric eel shoots out a bolt of lightning at you!
The bolt of electricity hits you!
You die...

~~P..~....# #.#
≈≈~~≈.P...## #.#
≈≈≈≈~~~....# #.#
~~~≈≈~~....# #.#
######
~~.~≈≈≈.~..## #.#
<...(.
.~~~≈≈≈S~~..# #.#
.#####
..~~~~≈≈~†..# #.#
...~~≈≈≈≈S..# #.#
.....#≈≈≈##@# #.#
#....##≈≈≈#.####.#
##.. #≈≈##......#
### ##≈≈######.#
##≈ #.###########
#............
#############


You could see 2 electric eels.

Vanquished Creatures
  Maggie (D:8)
  3 yaks (D:8)
  A water moccasin (D:7)
  5 orc warriors
  A sky beast (D:8)
  An ogre (D:4)
  3 black bears
  3 phantoms (D:5)
  5 kobold brigands (Bailey)
  2 bullfrogs
  2 scorpions
  An electric eel (D:8)
  4 crimson imps (D:4)
  4 hounds
  3 jellies
  2 orc priests
  A gnoll bouda (D:5)
  Ijyb (D:5)
  A sleepcap (D:6)
  4 iguanas
  3 orc wizards
  Robin (D:3)
  14 gnolls
  7 adders
  A white imp (D:5)
  3 worms
  5 dart slugs
  22 orcs
  5 endoplasms
  A giant cockroach (D:3)
  18 goblins
  7 hobgoblins
  4 quokkas
  10 ball pythons
  3 bats
  A frilled lizard (D:2)
  16 kobolds
  8 rats
177 creatures vanquished.

Vanquished Creatures (others)
  13 plants
13 creatures vanquished.

Grand Total: 190 creatures vanquished

Notes
Turn   | Place    | Note
-------+----------+-------------------------------------------
     0 | D:1      | MisterFreud the Felid Berserker began the quest for the
                  | Orb.
     0 | D:1      | Reached XP level 1. HP: 10/10 MP: 2/2
    80 | D:1      | Reached skill level 1 in Stealth
   274 | D:1      | Reached XP level 2. HP: 14/14 MP: 3/3
   310 | D:1      | Found Wunorulu's Assorted Antiques.
   320 | D:1      | Bought a bubbling red potion for 20 gold pieces
   838 | D:2      | Reached XP level 3. HP: 14/17 MP: 4/4
   885 | D:2      | Reached ** piety under Trog
   978 | D:2      | Found a faded altar of an unknown god.
  1236 | D:1      | Bought an orange potion for 20 gold pieces
  1236 | D:1      | Bought an orange potion for 20 gold pieces
  1236 | D:1      | Bought a bubbling white potion for 20 gold pieces
  1236 | D:1      | Bought a scroll labelled JAIRYTEANI for 23 gold pieces
  1513 | D:3      | Noticed Robin
  1517 | D:3      | Reached XP level 4. HP: 21/21 MP: 5/5
  1561 | D:3      | Killed Robin
  1800 | D:3      | Reached XP level 5. HP: 15/24 MP: 6/6
  1965 | D:3      | Reached *** piety under Trog
  2216 | D:4      | Reached skill level 5 in Stealth
  2248 | D:4      | Noticed an ogre
  2258 | D:4      | Killed an ogre
  2259 | D:4      | Reached skill level 5 in Unarmed Combat
  2293 | D:4      | Found a glowing silver altar of Zin.
  2595 | D:4      | Found an ancient bone altar of Kikubaaqudgha.
  2613 | D:4      | Gained mutation: You are covered in thick fur. (AC +2)
                  | [Felid growth]
  2613 | D:4      | Reached XP level 6. HP: 27/28 MP: 7/7
  2687 | D:4      | Found a shimmering altar of Xom.
  3071 | D:5      | Entered Level 5 of the Dungeon
  3075 | D:5      | Reached skill level 5 in Dodging
  3080 | D:5      | Noticed Ijyb
  3086 | D:5      | Killed Ijyb
  3117 | D:5      | Reached XP level 7. HP: 19/31 MP: 8/8
  3172 | D:5      | You fall into a shaft and drop 1 floor!
  3178 | D:6      | Found a stormy altar of Qazlal.
  3478 | D:5      | Reached XP level 8. HP: 19/34 MP: 9/9
  3902 | D:5      | Reached skill level 10 in Dodging
  3909 | D:5      | Slain by a gnoll
  3910 | D:5      | Reached XP level 7. HP: -1/46 MP: 8/8
  4054 | D:5      | Found a shimmering blue altar of Sif Muna.
  4164 | D:5      | Found an ornate altar of the Wu Jian Council.
  4309 | D:6      | Found a hide-covered altar of Uskayaw.
  4309 | D:6      | Found a white marble altar of Elyvilon.
  4431 | D:6      | Reached skill level 5 in Fighting
  4460 | D:6      | Found a staircase to the Ecumenical Temple.
  4715 | D:7      | Found a flagged portal.
  4756 | Bailey   | Entered a bailey
  4896 | Bailey   | Reached XP level 8. HP: 24/38 MP: 9/9
  4972 | Bailey   | HP: 2/57 [poisoned by a kobold brigand (curare-tipped
                  | dart)]
  4976 | Bailey   | Slain by a kobold brigand
  4977 | Bailey   | Reached XP level 7. HP: -4/51 MP: 8/8
  5035 | Bailey   | Found an iron altar of Okawaru.
  5059 | Bailey   | Reached XP level 8. HP: 38/38 MP: 9/9
  5333 | D:7      | Found a sacrificial altar of Ru.
  6032 | D:8      | Noticed Maggie
  6046 | D:8      | Killed Maggie
  6244 | D:8      | Reached skill level 10 in Stealth
  6244 | D:8      | Reached XP level 9. HP: 41/41 MP: 10/10
  6386 | D:8      | Killed from afar by an electric eel

Illustrated notes

Levels and vault maps discovered:
D:1:      arrival_zaba_pyramid, layout_basic, serial_shops, nicolae_shop_stone,
          amcnicky_mini_rare_corridor_liquid
D:2:      layout_rooms, shapermc_ecumenical_altar_pompeii
D:3:      cheibrodos_old_hovel, layout_rooms, minmay_misc_feat_plants,
          eino_tiny_chamber, kennysheep_minor_cross, uniq_robin
D:4:      layout_loops_cross, zin_treasury, mainiacjoe_overflow_cross_hatched,
          led_xom_imps, hangedman_decor_points, corexii_shack,
          serial_park_tiny_2
D:5:      layout_rooms, mainiacjoe_overflow_swirl, uniq_ijyb
D:6:      layout_rooms, nicolae_overflow_two_pavilions, general_overflow_altar,
          temple_green
D:7:      layout_basic, mainiacjoe_overflow_24_doors, enter_bailey_6,
          kennysheep_cross_room, chequers_serial_rivers_small_b,
          lightli_orcish_oven
D:8:      layout_basic, serial_shops, nicolae_shop_waterfront,
          kennysheep_another_room, chequers_big_river, minmay_misc_feat_encased,
          uniq_maggie

Skill      XL: |  1  2  3  4  5  6  7  8  9 |
---------------+----------------------------+-----
Stealth        | 1 2 3 4 5 6 7 10 | 10.0
Unarmed Combat | 4 5 6 8 9 |  9.3
Dodging        | 6 9 10 | 10.0
Fighting       | 5 6 |  6.0

Action                     |  1- 3 |  4- 6 |  7- 9 || total
---------------------------+-------+-------+-------++-------
  Melee: Unarmed           |    89 |   161 |   272 ||   522
         Bite              |     4 |    14 |    26 ||    44
         Punch             |     1 |     4 |     7 ||    12
 Invoke: Berserk           |     1 |     5 |     9 ||    15
         Trog's Hand       |       |     2 |     3 ||     5
    Use: Scroll            |    11 |     1 |     7 ||    19
         Potion            |       |       |     2 ||     2
   Stab: Sleeping          |    11 |    12 |    15 ||    38
         Distracted        |       |     1 |     2 ||     3
 Armour: Skin              |     5 |     2 |     7 ||    14
  Dodge: Dodged            |    54 |    91 |   251 ||   396
